 Dungeon Crawl Stone Soup version 0.22-a0-76-gd698a02 (webtiles) character file.

29218 KristoblXynda the Protected (level 13, 0/75 HPs)
             Began as a Gargoyle Gladiator on Jan 13, 2018.
             Was the Champion of Qazlal.
             Killed by divine providence
             ... invoked by a meliai
              (16 damage)
             ... on level 14 of the Dungeon.
             The game lasted 00:26:42 (12572 turns).

KristoblXynda the Protected (Gargoyle Gladiator)   Turns: 12572, Time: 00:26:42

Health: 0/75       AC: 41    Str: 17    XL:     13   Next: 43%
Magic:  20/20      EV: 11    Int: 20    God:    Qazlal [******]
Gold:   853        SH: 15    Dex: 19    Spells: 12/12 levels left

rFire    . . .     SeeInvis .   i - +8 eveningstar "Mitzup Uzac" {crush, +Rage Int-3 Dex+4}
rCold    . . .     Gourm    .   b - +1 buckler
rNeg     + + .     Faith    .   a - +5 chain mail of Starshine {Regen+ Str-2 Int+7}
rPois    ∞         Spirit   .   c - +1 helmet
rElec    +         Reflect  .   v - +2 ratskin cloak {+Rats rPois rN+ Str-1 Int-1 Dex+1}
rCorr    .         Harm     .   (no gloves)
MR       .....                  u - +2 pair of boots
Stlth    ..........             (no amulet)
HPRegen  0.62/turn              y - ring "Kacez" {+Fly Dex+3}
MPRegen  0.17/turn              w - +3 ring of intelligence

@: protected from physical damage, repel missiles
A: repulsion field 1, molten scales 1, clever 1, negative energy resistance 1,
electricity resistance, unbreathing, petrification resistance, rot immunity, AC
+9
a: Upheaval, Elemental Force, Disaster Area, Renounce Religion, Evoke Ratskin,
Evoke Berserk Rage, Evoke Flight


You were on level 14 of the Dungeon.
You worshipped Qazlal.
Qazlal was exalted by your worship.
You were not hungry.

You visited 3 branches of the dungeon, and saw 16 of its levels.
You also visited: Bailey.

You collected 853 gold pieces.

Inventory:

Hand Weapons
 h - a +3 whip of freezing
 i - the +8 eveningstar "Mitzup Uzac" (weapon) {crush, +Rage Int-3 Dex+4}
   (You acquired it in a bailey)

   It inflicts extra damage upon your enemies.
   It affects your intelligence (-3).
   It affects your dexterity (+4).
   It lets you go berserk.
Missiles
 d - 2 throwing nets (quivered)
Armour
 a - the +5 chain mail of Starshine (worn) {Regen+ Str-2 Int+7}
   (You acquired it in a bailey)

   It affects your strength (-2).
   It affects your intelligence (+7).
   It increases your rate of regeneration.
 b - a +1 buckler (worn)
 c - a +1 helmet (worn)
 u - a +2 pair of boots (worn)
 v - the +2 ratskin cloak (worn) {+Rats rPois rN+ Str-1 Int-1 Dex+1}
   (You found it on level 5 of the Dungeon)

   It affects your strength (-1).
   It affects your intelligence (-1).
   It affects your dexterity (+1).
   It protects you from poison.
   It protects you from negative energy.
Jewellery
 w - a +3 ring of intelligence (right hand)
 y - the ring "Kacez" (left hand) {+Fly Dex+3}
   (You found it on level 10 of the Dungeon)

   [ring of flight]

   It affects your dexterity (+3).
   It lets you fly.
Wands
 z - a wand of disintegration (5)
Scrolls
 e - 5 scrolls of magic mapping
 g - 3 scrolls of remove curse
 j - 2 scrolls of immolation
 l - 3 scrolls of fear
 o - 8 scrolls of teleportation
 p - a scroll of amnesia
 q - 4 scrolls of fog
 C - 2 scrolls of blinking
 E - a scroll of identify
Potions
 k - 2 potions of flight
 m - 2 potions of ambrosia
 n - a potion of mutation
 r - 9 potions of curing
 s - 4 potions of brilliance
 t - 2 potions of agility
 x - a potion of magic
 A - a potion of heal wounds
 B - a potion of invisibility
 D - 2 potions of berserk rage {unknown}
Books
 H - a book of Minor Magic

   Spells                             Type                      Level
   a - Magic Dart                     Conjuration                  1
   b - Blink                          Translocation                2
   c - Call Imp                       Summoning                    2
   d - Slow                           Hexes                        2
   e - Conjure Flame                  Conjuration/Fire             3
   f - Mephitic Cloud                 Conjuration/Poison/Air       3
Comestibles
 f - 17 rations


   Skills:
 + Level 6.3 Fighting
 + Level 12.0 Maces & Flails
 - Level 3.0 Throwing
 + Level 12.5 Armour
 - Level 3.1 Dodging
 - Level 4.6 Shields
 - Level 10.0 Invocations
 + Level 8.7 Evocations


You had 12 spell levels left.
You didn't know any spells.

Dungeon Overview and Level Annotations

Branches:
Dungeon (14/15)            Temple (1/1) D:4            Lair (1/6) D:8
    Orc (0/2) D:9
 Vaults: D:13-14

Altars:
Ashenzari
Cheibriados
Dithmenos
Elyvilon
Fedhas
Gozag
Hepliaklqana
Kikubaaqudgha
Makhleb
Nemelex Xobeh
Okawaru
Qazlal
Ru
Sif Muna
Trog
Uskayaw
Vehumet
Wu Jian
Xom
Yredelemnul
Zin
The Shining One

Shops:
D:4 *   D:10 }   D:13 !


Innate Abilities, Weirdness & Mutations

You are resistant to torment.
Your stone body is resilient. (AC +9)
You are immune to poison.
You resist negative energy. (rN+)
You are resistant to electric shocks. (rElec)
You can survive without breathing.
You are immune to petrification.
You are immune to rotting.
You are surrounded by a mild repulsion field. (EV +2)
You are partially covered in molten scales. (AC +2)
Your mind is acute. (Int +2)


Message History

The meliai calls down the wrath of its god upon you.
Something smites you!
The meliai calls down the wrath of its god upon you.
Something smites you! Something hits you.
You feel more protected from physical attacks.
You hear an angry buzzing noise.
Something hits you but does no damage. x2
You closely miss something. Something barely misses you.
You block something's attack.
Your chain mail of Starshine prevents you from hitting something.
Something hits you but does no damage. You block something's attack.
The meliai mumbles some strange prayers to its god against you.
Something smites you!
* * * LOW HITPOINT WARNING * * *
You puncture something! Something hits you.
* * * LOW HITPOINT WARNING * * *
You feel more protected from physical attacks.
The meliai calls down the wrath of its god upon you.
Something smites you!
You die...

.##.#....../....##[##
.##.######...........
.##.#######....####
.##......)...#y# ##
.#############.# ..
## #.# .# # #.# .## #
#y##..# # #y{@§# #
####..# .## .# .. #.
.. .. #####


You could see 2 meliai.

Vanquished Creatures
  An orc warlord (Bailey)
  2 hydras
  A centaur warrior (D:14)
  Erica (D:10)
  A queen ant (D:10)
  3 two-headed ogres
  An ogre mage (D:14)
  A deep elf archer (D:14)
  An orc knight (D:14)
  Pikel (D:4)
  3 ugly things
  2 deep elf magi (D:14)
  A manticore (D:13)
  A troll (shapeshifter) (D:14)
  A harpy zombie (D:14)
  2 trolls
  3 hornets
  Grinder (D:4)
  3 hippogriffs
  6 slime creatures (D:14)
  A meliai zombie (D:13)
  2 shadows (D:12)
  2 wraiths (D:12)
  2 wyverns
  A human (D:8)
  20 yaks
  A fire elemental (D:11)
  3 hungry ghosts
  A swamp worm (shapeshifter) (D:14)
  Edmund (D:6)
  A two-headed ogre zombie (D:9)
  13 soldier ants (D:10)
  A water moccasin (D:13)
  2 porcupines (D:8)
  3 black bears
  3 ice beasts
  3 orc warriors
  3 eyes of draining
  6 sky beasts
  7 ogres
  5 centaurs
  5 phantoms
  2 big kobolds
  14 bullfrogs
  A gnoll sergeant (D:7)
  A wyvern skeleton (D:10)
  6 scorpions
  3 wights (D:11)
  2 troll zombies (D:9)
  5 howler monkeys
  4 crimson imps
  2 bullfrog zombies (D:10)
  2 centaur zombies
  A quasit (D:3)
  A lava snake (D:11)
  4 bullfrog skeletons
  5 jellies
  4 centaur skeletons
  5 hounds
  5 orc priests
  16 orc wizards
  Terence (D:2)
  2 iguanas
  37 worker ants
  5 ogre zombies (D:9)
  3 hound skeletons
  A howler monkey zombie (D:5)
  3 worker ant zombies
  16 gnolls
  13 adders
  5 shadow imps
  An adder skeleton (D:6)
  3 worms
  8 leopard geckos
  44 orcs
  5 bats
  3 giant cockroaches
  5 goblins
  8 hobgoblins
  17 jackals
  20 kobolds
  5 quokkas
  A ball python (D:1)
  5 frilled lizards
  5 goblin zombies (D:9)
  2 hobgoblin skeletons (D:9)
  A hobgoblin zombie (D:9)
  3 orc skeletons (D:9)
  14 orc zombies (D:9)
  2 quokka skeletons
  8 rats
451 creatures vanquished.

Vanquished Creatures (collateral kills)
  An orc knight (Bailey)
  An orc (Bailey)
  A kobold (Bailey)
3 creatures vanquished.

Vanquished Creatures (others)
  An orc (D:10)
  A fungus (D:8)
2 creatures vanquished.

Grand Total: 456 creatures vanquished

Notes
Turn   | Place    | Note
-------+----------+-------------------------------------------
     0 | D:1      | KristoblXynda the Gargoyle Gladiator began the quest for the Orb.
     0 | D:1      | Reached XP level 1. HP: 12/12 MP: 1/1
   302 | D:1      | Reached XP level 2. HP: 9/17 MP: 2/2
   727 | D:1      | Reached XP level 3. HP: 21/21 MP: 3/3
  1113 | D:2      | Reached skill level 1 in Armour
  1286 | D:2      | Reached XP level 4. HP: 22/26 MP: 4/4
  1356 | D:2      | Reached XP level 5. HP: 14/30 MP: 5/5
  1940 | D:2      | Noticed Terence
  1958 | D:2      | Killed Terence
  2150 | D:3      | Found a snail-covered altar of Cheibriados.
  2235 | D:3      | Reached skill level 1 in Shields
  2388 | D:3      | Reached XP level 6. HP: 27/35 MP: 6/6
  2828 | D:4      | Noticed a slave
  2952 | D:4      | Found Eqintiar's Assorted Antiques.
  2953 | D:4      | Noticed Grinder
  2961 | D:4      | Paralysed by Grinder for 2 turns
  2983 | D:4      | Paralysed by Grinder for 2 turns
  2986 | D:4      | Killed Grinder
  2986 | D:4      | Reached XP level 7. HP: 22/40 MP: 7/7
  3260 | D:4      | Found an iron altar of Okawaru.
  3269 | D:4      | Reached skill level 5 in Maces & Flails
  3290 | D:4      | Found a staircase to the Ecumenical Temple.
  3306 | D:4      | Noticed Pikel
  3339 | D:4      | Killed Pikel
  3339 | D:4      | Reached skill level 5 in Armour
  3339 | D:4      | Reached XP level 8. HP: 32/44 MP: 8/8
  3364 | D:5      | Entered Level 5 of the Dungeon
  3395 | Temple   | Entered the Ecumenical Temple
  3441 | Temple   | Became a worshipper of Qazlal Stormbringer
  3782 | D:5      | Found the +2 ratskin cloak {+Rats rPois rN+ Str-1 Int-1 Dex+1}
  3805 | D:5      | Reached skill level 1 in Invocations
  4803 | D:5      | Reached * piety under Qazlal
  5206 | D:6      | Noticed Edmund
  5279 | D:6      | Killed Edmund
  5279 | D:6      | Reached XP level 9. HP: 28/48 MP: 11/11
  5413 | D:6      | Gained mutation: Your mind is acute. (Int +2) [potion of mutation]
  5413 | D:6      | Gained mutation: You are partially covered in molten scales. (AC +2) [potion of mutation]
  5413 | D:6      | Gained mutation: You are surrounded by a mild repulsion field. (EV +2) [potion of mutation]
  5568 | D:6      | Found a hide-covered altar of Uskayaw.
  5608 | D:6      | Found a shimmering altar of Xom.
  5608 | D:6      | Found a bloodstained altar of Trog.
  5613 | D:6      | Found a snail-covered altar of Cheibriados.
  6056 | D:7      | Identified a scroll of acquirement
  6121 | D:7      | Reached ** piety under Qazlal
  6369 | D:7      | Reached skill level 5 in Invocations
  6418 | D:7      | Found a burning altar of Makhleb.
  6618 | D:7      | Reached skill level 1 in Evocations
  6953 | D:8      | Found a flagged portal.
  7012 | Bailey   | Entered a bailey
  7017 | Bailey   | Noticed an orc warlord
  7072 | Bailey   | Noticed an orc knight
  7099 | Bailey   | Killed an orc knight
  7099 | Bailey   | Reached XP level 10. HP: 37/53 MP: 10/14
  7204 | Bailey   | Found a runed gate.
  7206 | Bailey   | Found a runed gate.
  7208 | Bailey   | Found a runed gate.
  7330 | Bailey   | Killed an orc warlord
  7489 | Bailey   | Got a bloodstained eveningstar
  7490 | Bailey   | Identified the +8 eveningstar "Mitzup Uzac" {crush, +Rage Int-3 Dex+4} (You acquired it in a bailey)
  7496 | Bailey   | Got a twisted chain mail
  7508 | Bailey   | Identified the +5 chain mail of Starshine {Regen+ Str-2 Int+7} (You acquired it in a bailey)
  7930 | D:8      | Found a staircase to the Lair.
  8002 | D:8      | Found a deep blue altar of Sif Muna.
  8186 | Lair:1   | Entered Level 1 of the Lair of Beasts
  8242 | D:9      | Reached *** piety under Qazlal
  8357 | D:9      | Reached **** piety under Qazlal
  8388 | D:9      | Found a staircase to the Orcish Mines.
  8471 | D:9      | Reached XP level 11. HP: 57/57 MP: 16/16
  8616 | D:9      | Found a white marble altar of Elyvilon.
  8679 | D:9      | Reached skill level 5 in Evocations
  8976 | D:10     | Entered Level 10 of the Dungeon
  9078 | D:10     | Noticed Erica
  9094 | D:10     | Killed Erica
  9110 | D:10     | Reached ***** piety under Qazlal
  9110 | D:10     | Reached skill level 10 in Armour
  9335 | D:10     | Reached skill level 10 in Maces & Flails
  9418 | D:10     | Noticed a queen ant
  9449 | D:10     | Killed a queen ant
  9510 | D:10     | Got a steaming tin ring
  9511 | D:10     | Identified the ring "Kacez" {+Fly Dex+3} (You found it on level 10 of the Dungeon)
  9622 | D:10     | Found Guzac's Gadget Boutique.
 10002 | D:11     | Reached XP level 12. HP: 62/62 MP: 19/19
 10121 | D:11     | Noticed a two-headed ogre
 10125 | D:11     | Killed a two-headed ogre
 10411 | D:11     | Reached skill level 10 in Invocations
 10860 | D:12     | Noticed a two-headed ogre
 10862 | D:12     | Reached ****** piety under Qazlal
 10872 | D:12     | Killed a two-headed ogre
 10884 | D:12     | Noticed a five-headed hydra
 10895 | D:12     | Killed a five-headed hydra
 11877 | D:13     | Reached XP level 13. HP: 72/72 MP: 15/20
 11934 | D:13     | Found Neggaac's Distillery.
 12242 | D:14     | Reached skill level 5 in Fighting
 12572 | D:14     | Killed from afar by a meliai

Vault maps used:
D:1:      minmay_arrival_stair_chambers
D:2:      first_ration, grunt_ministairs_13, minmay_cut_off, uniq_terence
D:3:      cheibriados_altar_1
D:4:      old_standard_altar, temple_pool_b, serial_shops, nicolae_shop_stone,
          uniq_pikel, uniq_grinder
D:6:      minitemple, uniq_edmund
D:7:      lemuel_doored_altar
D:8:      grunt_lair_entry_orc_guard_hut, basic_altar, enter_bailey_2,
          grunt_pizzeria
D:9:      nicolae_overflow_hidden_temple, zombieorc2_lemuel
D:10:     serial_shops, shop, zaba_anthell, uniq_erica
D:11:     kennysheep_big_empty_room
D:13:     serial_shops, shop
D:14:     hangedman_vaults_entry_quadrant_bands, basic_altar
Temple:   eino_wide_crystal_templ
Lair:1:   st_stairs_10
Bailey:   bailey_axe_bossmonster_kennysheep, bailey

Skill      XL: |  1  2  3  4  5  6  7  8  9 10 11 12 13 |
---------------+----------------------------------------+-----
Throwing       | 2 3 |  3.0
Armour         | 1 2 3 5 6 8 9 10 12 | 12.5
Dodging        | 3 |  3.1
Maces & Flails | 4 5 7 8 9 10 11 12 | 12.0
Shields        | 1 3 4 |  4.6
Invocations    | 3 6 7 9 10 | 10.0
Evocations     | 2 4 6 8 |  8.7
Fighting       | 4 6 |  6.3

Action                   |  1- 3 |  4- 6 |  7- 9 | 10-12 | 13-15 || total
-------------------------+-------+-------+-------+-------+-------++-------
Melee: Flail             |   153 |   154 |    34 |       |       ||   341
       Whip              |       |       |   877 |    59 |       ||   936
       Eveningstar       |       |       |       |   661 |   101 ||   762
Throw: Throwing net      |       |       |       |     2 |       ||     2
 Abil: Evoke Ratskin     |       |       |     3 |     2 |       ||     5
Evoke: Wand              |       |       |     1 |       |       ||     1
  Use: Potion            |       |     4 |     1 |     1 |       ||     6
       Scroll            |       |     5 |    17 |    10 |       ||    32
 Stab: Distracted        |       |       |     1 |       |       ||     1
  Eat: Ration            |     1 |     1 |     5 |     2 |     1 ||    10
       Chunk             |       |       |     3 |    12 |       ||    15
Armor: Leather armour    |    52 |       |       |       |       ||    52
       Ring mail         |    17 |   135 |   302 |    16 |       ||   470
       Chain mail        |       |       |       |   335 |    87 ||   422
Dodge: Dodged            |   111 |   117 |   391 |   267 |    40 ||   926
       Deflected         |       |       |       |     2 |     7 ||     9
Block: Buckler           |       |    22 |   218 |   447 |   109 ||   796

Table legend:
 A = Spawn XP
 B = Non-spawn XP
 C = Spawn XP percentage of total XP
 D = Spawn monster count
 E = Non-spawn monster count
 F = Spawn count percentage of total count
 G = Total turns spent on level
                    A         B        C        D         E        F      G
               +---------+---------+-------+---------+---------+-------+---------
         Total |       0 |   41740 |   0.0 |       0 |     454 |   0.0 | 12572
               +---------+---------+-------+---------+---------+-------+---------
           D:1 |       0 |      47 |   0.0 |       0 |      20 |   0.0 |  1067
           D:2 |       0 |     195 |   0.0 |       0 |      25 |   0.0 |  1021
           D:3 |       0 |      97 |   0.0 |       0 |       6 |   0.0 |   744
           D:4 |       0 |    1009 |   0.0 |       0 |      14 |   0.0 |   807
           D:5 |       0 |     733 |   0.0 |       0 |      29 |   0.0 |  1382
           D:6 |       0 |     821 |   0.0 |       0 |      34 |   0.0 |   977
           D:7 |       0 |    1214 |   0.0 |       0 |      23 |   0.0 |   874
           D:8 |       0 |    1285 |   0.0 |       0 |      17 |   0.0 |   802
           D:9 |       0 |    2737 |   0.0 |       0 |      72 |   0.0 |   743
          D:10 |       0 |    7765 |   0.0 |       0 |      84 |   0.0 |  1009
          D:11 |       0 |    4811 |   0.0 |       0 |      27 |   0.0 |   739
          D:12 |       0 |    6903 |   0.0 |       0 |      33 |   0.0 |   713
          D:13 |       0 |    2308 |   0.0 |       0 |      15 |   0.0 |   791
          D:14 |       0 |    9490 |   0.0 |       0 |      34 |   0.0 |   344
        Bailey |       0 |    2325 |   0.0 |       0 |      21 |   0.0 |   502
               +---------+---------+-------+---------+---------+-------+---------
